 Dungeon Crawl Stone Soup version 0.29-a0-322-g68df515428 (webtiles) character file.

Game seed: 9011828440647689659

18 Alarak the Chopper (level 2, 0/27 HPs)
             Began as a Hill Orc Monk on Apr 8, 2022.
             Slain by Sigmund
             ... wielding a +0 scythe
              (2 damage)
             ... on level 1 of the Dungeon.
             The game lasted 00:01:05 (1037 turns).

Alarak the Chopper (Hill Orc Monk)                  Turns: 1037, Time: 00:01:06

Health: 0/27       AC: 10    Str: 13    XL:     2   Next: 70%
Magic:  2/2        EV:  3    Int: 10    God:
Gold:   28         SH:  0    Dex: 13    Spells: 1/1 levels left

rFire   . . .      SeeInvis .   a - +0 hand axe
rCold   . . .      Faith    .   (no shield)
rNeg    . . .      Spirit   .   f - +0 plate armour
rPois   .          Reflect  .   (no helmet)
rElec   .          Harm     .   (no cloak)
rCorr   .          Rampage  .   (no gloves)
Will    .....                   (no boots)
Stlth   ..........              (no amulet)
HPRegen 0.09/turn               (no ring)
MPRegen 0.08/turn               (no ring)

@: no status effects
A: no striking features
a: no special abilities


You were on level 1 of the Dungeon.
You visited 1 branch of the dungeon, and saw 2 of its levels.

You collected 28 gold pieces.

Inventory:

Hand Weapons
 a - a +0 hand axe (weapon)
Armour
 b - a +0 robe
 f - a +0 plate armour (worn)
Scrolls
 d - a scroll of vulnerability {unknown}
 e - a scroll of identify {unknown}
Potions
 c - a potion of ambrosia
 g - a potion of degeneration {unknown}
 h - a potion of flight {unknown}
 i - a potion of curing {unknown}
 j - a potion of haste {unknown}


   Skills:
 + Level 4.0 Fighting
 + Level 4.4 Axes
 * Level 0.7 Armour
 - Level 2.5 Dodging
 + Level 1.6 Stealth


You had one spell level left.
You didn't know any spells.
Your spell library was empty.

Dungeon Overview and Level Annotations

Branches:
Dungeon (2/15)

Altars:

Annotations:
D:1 Sigmund


Message History

There is an open door here.
There is a stone staircase leading down here.
You climb downwards.
The ball python hisses angrily.
Found an escape hatch in the floor.
Found a stone staircase leading down.
There is a stone staircase leading up here.
There are monsters nearby!
You closely miss Sigmund. Sigmund hits you with a +0 scythe.
You climb upwards.
There is a stone staircase leading down here.
You closely miss Sigmund. Sigmund hits you with a +0 scythe!
You barely miss Sigmund. Sigmund hits you but does no damage.
You hit Sigmund.
Sigmund is lightly wounded.
You barely miss Sigmund.
Sigmund is lightly wounded.
Sigmund gestures at you while chanting.
You are confused.
You bump into the rock wall.
Sigmund hits you but does no damage.
You bump into the rock wall.
Sigmund completely misses you. Sigmund hits you with a +0 scythe.
You're too confused to move!
You feel less confused.
Sigmund points at you and mumbles some strange words.
The magic dart hits you.
You hit Sigmund but do no damage.
Sigmund is lightly wounded.
Sigmund gestures wildly while chanting.
Sigmund flickers and vanishes!
Deactivating autopickup; reactivate with Ctrl-A.
You miss something.
You hear some strange, mumbled words.
A magic dart appears from out of thin air!
The magic dart hits you but does no damage.
You barely miss something. Something hits you!
* * * LOW HITPOINT WARNING * * *
You barely miss something. Something hits you but does no damage.
You barely miss something. You closely miss something. Something hits you.
You die...

#[###..........##.#.#
#.#
....#.....#.##.##.#.#
#.#
#.#.#........#.##.#.#
#.#
..#.#..........##.#.#
#.#
###.#.......###...#.#
#.#
#.#.............#.#
#.#
###.#...........#.#.#
#.#
......#.#.#######.#.#
#.#
................@>#.#
#.#
........#.#######{#.#
#.####
....#############.#.#
#.....
..................#.#
######
.....##...........#.#
.....#..####......'.#
...........#......###
......####.#.#....#
......#....#.#....#


There were no monsters in sight!

Vanquished Creatures
  A ball python (D:1)
  3 endoplasms (D:1)
  A goblin (D:1)
  2 hobgoblins (D:1)
  2 jackals (D:1)
  A quokka (D:1)
  2 bats (D:1)
  A frilled lizard (D:1)
  A kobold (D:1)
  3 rats (D:1)
17 creatures vanquished.

Notes
Turn   | Place    | Note
-------+----------+-------------------------------------------
     0 | D:1      | Alarak the Hill Orc Monk began the quest for the Orb.
     0 | D:1      | Reached XP level 1. HP: 19/19 MP: 1/1
   320 | D:1      | Reached XP level 2. HP: 27/27 MP: 2/2
  1019 | D:2      | Noticed Sigmund
  1034 | D:1      | HP: 1/27 [something (8)]
  1037 | D:1      | Slain by Sigmund

Illustrated notes

Levels and vault maps discovered:
D:1:      nzn_arrival_crosshair, layout_basic, minmay_heptomino_l4
D:2:      minmay_evil_eye, layout_rooms, hellmonk_ecumenical_altar_zigzags,
          serial_aquarium, aquarium_bridge_island_large
          [aquarium_subvault_large_4_pools, aquarium_subvault_bridge,
          aquarium_subvault_bridge, aquarium_subvault_bridge,
          aquarium_subvault_bridge], aquarium_bridge_square
          [aquarium_subvault_wall, aquarium_subvault_bridge,
          aquarium_subvault_wall, aquarium_subvault_wall], aquarium_window_2,
          aquarium_window_fake, aquarium_view_2c, aquarium_view_2b,
          aquarium_balcony_1b, uniq_sigmund

Skill      XL: |  1  2 |
---------------+-------+-----
Fighting       | 4 |  4.0
Axes           | |  4.4
Armour         | |  0.7
Dodging        | |  2.5
Stealth        | |  1.6

Action                   || total
-------------------------++-------
Melee: Hand axe          ||    56
 Stab: Sleeping          ||     1
Armor: Plate armour      ||    39
       Robe              ||     1
Dodge: Dodged            ||    10

Table legend: (Time is in decaauts)
 A = Elapsed time spent in this place.
 B = Non-inter-level travel time spent in this place.
 C = Inter-level travel time spent in this place.
 D = Time resting spent in this place.
 E = Time spent auto-exploring this place.
 F = Levels seen in this place.
 G = Mean time per level.
                   A        B        C        D        E       F      G
               +--------+--------+--------+--------+--------+-----+--------+
         Total |   1041 |    993 |     48 |    181 |    689 |   2 |  520.5 |
       Dungeon |   1041 |    993 |     48 |    181 |    689 |   2 |  520.5 |
               +--------+--------+--------+--------+--------+-----+--------+

Top non-repeatable levels by time:
     D:1: 1039 daAuts
     D:2: 2 daAuts
